 Dungeon Sprint DCSS version 0.23-a0-447-g7b583b2f2c (webtiles) character file.

49 Jannitor the Cudgeler (level 3, -2/31 HPs)
             Began as a Demonspawn Monk on Nov 19, 2018.
             Was a Believer of Trog.
             Slain by a human (6 damage)
             ... in the Dungeon (Sprint III: "The Ten Rune Challenge").
             The game lasted 00:01:10 (350 turns).

Jannitor the Cudgeler (Demonspawn Monk)              Turns: 350, Time: 00:01:11

Health: -2/31      AC:  5    Str: 12    XL:     3   Next: 53%
Magic:  2/2        EV: 14    Int: 16    God:    Trog [**....]
Gold:   22         SH:  0    Dex: 17    Spells: 2/2 levels left

rFire    . . .     SeeInvis .   a - +0 mace
rCold    + . .     Gourm    .   (no shield)
rNeg     . . .     Faith    .   b - +0 robe
rPois    .         Spirit   .   (helmet restricted)
rElec    .         Reflect  .   h - +0 cloak
rCorr    .         Harm     .   (no gloves)
MR       .....     Rnd*Rage +   (no boots) Stlth ++........NoTele +
                                (no amulet)
HPRegen  0.10/turn              (no ring)
MPRegen  0.08/turn              (no ring)

@: brilliant, very slightly contaminated, hasted, very quick
A: antennae 1, thin metallic scales 1, agile 1, berserk 1, cold resistance 1,
low mp 1
a: Berserk, Trog's Hand, Renounce Religion


You were in the Dungeon.
You worshipped Trog.
Trog was pleased with you.
You were not hungry.

You visited 1 branch You collected 22 gold pieces.

Inventory:

Hand Weapons
 a - a +0 mace (weapon)
Armour
 b - a +0 robe (worn)
 h - a +0 cloak (worn)
Scrolls
 k - a scroll of holy word {unknown}
 l - 3 scrolls of identify {unknown}
 m - 2 scrolls of remove curse
 o - a scroll of torment {unknown}
Potions
 d - 3 potions of curing
 g - 2 potions of magic
 j - a potion of mutation
Comestibles
 c - 3 rations


   Skills:
 + Level 4.6 Fighting
 * Level 5.2 Maces & Flails
 + Level 4.1 Dodging
 - Level 2.0 Stealth


You had 2 spell levels left.
You didn't know any spells.
Your spell library was empty.

Dungeon Overview and Level Annotations

Branches:
Dungeon (1/1)

Altars:
Okawaru
Trog
Uskayaw
Wu Jian
Beogh


Innate Abilities, Weirdness & Mutations

You have a pair of small antennae on your head.
You are partially covered in thin metallic scales. (AC +2)
You are agile. (Dex +2)
You tend to lose your temper in combat.
Your flesh is cold resistant. (rC+)
Your magical capacity is low. (-10% MP)


Message History

You slip free of the water engulfing you.
You gasp with relief as air once again reaches your lungs.
The water elemental closely misses you.
There is an open door to the Ecumenical Temple here.
There is a fountain of clear blue water here.
You open the door. 2 humans come into view.
Found a hunting sling and a leather armour.
Found five altars.
Blink to where?
Press: ? - help, Dir - move target cursor You are very lightly contaminated with residual magic.
As you read the scroll of blinking, it crumbles to dust.
You kneel at the altar of Trog.
Trog welcomes you!
You can now go berserk at will.
You can now call upon Trog for regeneration and magic resistance.
The human shouts! x2
The human hits you.
You die...

▓ ▓▓▓ #### ##.# #####
...#####..#_ #_@p#
.÷..#..#..#{ #__p#
#...#..#..###+#'###+##
##..##'#..#...E......#
##..###...'.⌠........#
#..####...#...######+#
#..###....#.⌠.#
...##.....#...#
...#......#+###


You could see a water elemental and 2 humans.

Vanquished Creatures
  Crazy Yiuf (D)
  A human (D)
  4 rats (D)
6 creatures vanquished.

Vanquished Creatures (others)
  2 draconian scorchers (D)
  6 hellions (D)
  2 yaktaurs (D)
10 creatures vanquished.

Grand Total: 16 creatures vanquished

Notes
Turn   | Place    | Note
-------+----------+-------------------------------------------
     0 | D        | Jannitor the Demonspawn Monk began the quest for the Orb.
     0 | D        | Reached XP level 1. HP: 18/18 MP: 1/1
    24 | D        | Reached skill level 3 in Maces & Flails
    36 | D        | Noticed Crazy Yiuf
    45 | D        | Killed Crazy Yiuf
    45 | D        | Reached skill level 4 in Maces & Flails
    45 | D        | Gained mutation: You are partially covered in thin metallic
                  | scales. (AC +2) [demonic ancestry]
    45 | D        | Reached XP level 2. HP: 25/25 MP: 2/2
    45 | D        | Gained mutation: You have a pair of small antennae on your
                  | head. [demonic ancestry]
    45 | D        | Reached XP level 3. HP: 30/30 MP: 3/3
    64 | D        | Reached skill level 5 in Maces & Flails
    70 | D        | Killed a hellion
    93 | D        | Killed a hellion
    94 | D        | Killed a hellion
    94 | D        | Killed a hellion
   102 | D        | Killed a hellion
   104 | D        | Killed a hellion
   120 | D        | Killed a yaktaur
   127 | D        | Killed a yaktaur
   194 | D        | Killed a white draconian scorcher
   242 | D        | Killed a white draconian scorcher
   283 | D        | Gained mutation: You passively map a small area around you.
                  | [potion of mutation]
   283 | D        | Gained mutation: You are frail. (-10% HP) [potion of
                  | mutation]
   283 | D        | Gained mutation: You are covered in fur. (AC +1) [potion of
                  | mutation]
   283 | D        | Gained mutation: You have sharp toenails. [potion of
                  | mutation]
   284 | D        | Lost mutation: You have sharp toenails. [potion of
                  | mutation]
   284 | D        | Lost mutation: You are covered in fur. (AC +1) [potion of
                  | mutation]
   284 | D        | Lost mutation: You are frail. (-10% HP) [potion of
                  | mutation]
   284 | D        | Lost mutation: You passively map a small area around you.
                  | [potion of mutation]
   284 | D        | Gained mutation: You are robust. (+10% HP) [potion of
                  | mutation]
   284 | D        | Lost mutation: You are robust. (+10% HP) [potion of
                  | mutation]
   284 | D        | Gained mutation: Your spells are a little easier to cast,
                  | but a little less powerful. [potion of mutation]
   284 | D        | Gained mutation: You passively map a small area around you.
                  | [potion of mutation]
   285 | D        | Lost mutation: You passively map a small area around you.
                  | [potion of mutation]
   285 | D        | Lost mutation: Your spells are a little easier to cast, but
                  | a little less powerful. [potion of mutation]
   285 | D        | Gained mutation: Your flesh is cold resistant. (rC+)
                  | [potion of mutation]
   285 | D        | Gained mutation: You tend to lose your temper in combat.
                  | [potion of mutation]
   285 | D        | Gained mutation: Your magical capacity is low. (-10% MP)
                  | [potion of mutation]
   285 | D        | Gained mutation: You are agile. (Dex +2) [potion of
                  | mutation]
   320 | D        | Noticed a water elemental
   348 | D        | Found a hide-covered altar of Uskayaw.
   348 | D        | Found a roughly hewn altar of Beogh.
   348 | D        | Found an iron altar of Okawaru.
   348 | D        | Found a bloodstained altar of Trog.
   348 | D        | Found an ornate altar of the Wu Jian Council.
   348 | D        | Noticed a human
   348 | D        | Noticed a human
   350 | D        | Became a worshipper of Trog the Wrathful
   350 | D        | Reached * piety under Trog
   350 | D        | Reached ** piety under Trog
   350 | D        | Slain by a human

Vault maps used:
D:        dungeon_sprint_mu

Skill      XL: |  1  2  3 |
---------------+----------+-----
Stealth        | 2 |  2.0
Maces & Flails | 4 5 |  5.2
Dodging        | 3 4 |  4.1
Fighting       | 4 |  4.6

Action                   || total
-------------------------++-------
Melee: Mace              ||    35
  Use: Potion            ||     7
       Scroll            ||     1
 Stab: Sleeping          ||     1
Armor: Robe              ||     2
Dodge: Dodged            ||    22

Table legend:
 A = Non-vault XP
 B = Vault XP
 C = Vault XP percentage of total XP
 D = Non-vault monster count
 E = Vault monster count
 F = Vault count percentage of total count
                 A         B        C        D         E       F
            +---------+---------+-------+---------+---------+-------
      Total |       0 |      71 | 100.0 |       0 |       6 | 100.0
            +---------+---------+-------+---------+---------+-------
          D |       0 |      71 | 100.0 |       0 |       6 | 100.0
            +---------+---------+-------+---------+---------+-------
